[Event "Late-Titled-Tuesday-Blitz-June-18-2024"]
[Site "Chess.com"]
[Date "2024.06.18"]
[Round "3"]
[White "ValeriyGrinev"]
[Black "aexmi"]
[Result "1-0"]
[WhiteElo "2552"]
[BlackElo "2287"]
[TimeControl "180+1"]
[EndTime "14:27:02 PDT"]
[Termination "ValeriyGrinev won on time"]

1. d4 d5 2. c4 e6 3. Nf3 c5 4.
dxc5 Bxc5 5. e3 Nf6 6. a3 a6 7. b4 Ba7 8. Bb2 O-O 9. Nbd2 Nc6 10.
Rc1 d4 11. exd4 Nxd4 12. Be2 Nxe2 13. Qxe2 Bd7 14. Ne5 Rc8 15. O-O Bc6 16. Nxc6 Rxc6 17. Ne4 Nxe4 18. Qxe4 Qg5 19. Rfd1 Rd8 20. h4 Rxd1+ 21.
Rxd1 Qe7 22. c5 Bb8 23. Qd4 f6 24. Qd8+ Kf7 25. Rd7 1-0

[Event "Late-Titled-Tuesday-Blitz-June-18-2024"]
[Site "Chess.com"]
[Date "2024.06.18"]
[Round "3"]
[White "Schattman"]
[Black "lluiss"]
[Result "1/2-1/2"]
[WhiteElo "2474"]
[BlackElo "2277"]
[TimeControl "180+1"]
[EndTime "14:27:12 PDT"]
[Termination "Game drawn by agreement"]

1. b3 Nf6 2. Nf3 g6 3. Bb2 Bg7 4. g3 d6 5. d4 O-O 6. Bg2 e5 7. dxe5 Ng4 8. O-O Nxe5 9. Nxe5 dxe5 10. c4 c6 11. Nc3 Bf5 12. Qxd8 Rxd8 13. Rfd1 Na6 14.
Ne4 Bxe4 15. Bxe4 Nc5 16. Bg2 a5 17. Kf1 e4 18. Bxg7 Kxg7 19. Ke1 f5 20. Rxd8 Rxd8 21. Rd1 Rxd1+ 22. Kxd1 Kf6 23. Kd2 Ke5 24. Kc3 Ne6 25.
e3 c5 26. a3 h5 27. h4 Nd8 28.
Bf1 Nc6 29. Be2 Kd6 30. Bd1 Ke5 31. Be2 Kd6 32. Bd1 Ne5 33. Be2 b6 34. Kd2 Nc6 35. Kc3 Ke5 36. Bd1 1/2-1/2

[Event "Late-Titled-Tuesday-Blitz-June-18-2024"]
[Site "Chess.com"]
[Date "2024.06.18"]
[Round "3"]
[White "Jimonios"]
[Black "WoodlandMagic"]
[Result "0-1"]
[WhiteElo "2655"]
[BlackElo "2907"]
[TimeControl "180+1"]
[EndTime "14:27:15 PDT"]
[Termination "WoodlandMagic won by resignation"]

1. e4 c5 2. Nf3 e6 3. d4 cxd4 4. Nxd4 Nc6 5. Nc3 a6 6. Nxc6 bxc6 7. Qd3 d5 8. Be2 Nf6 9. O-O Bd6 10. f4 h5 11. e5 Bc5+ 12. Be3 Qb6 13. Bxc5 Qxc5+ 14. Kh1 Ng4 15. Bxg4 hxg4 16. Ne2 a5 17. Qd4 Qxd4 18. Nxd4 c5 19. Nb5 Ke7 20. Rfd1 Rb8 21. a4 Bd7 22. c4 dxc4 23. Na3 g3 24. h3 Bc6 25. Kg1 Rxb2 26. Nxc4 Rxg2+ 27. Kf1 Rxh3 0-1

[Event "Late-Titled-Tuesday-Blitz-June-18-2024"]
[Site "Chess.com"]
[Date "2024.06.18"]
[Round "3"]
[White "ajedrezsinlimites"]
[Black "andrzej"]
[Result "1-0"]
[WhiteElo "2640"]
[BlackElo "2446"]
[TimeControl "180+1"]
[EndTime "14:27:18 PDT"]
[Termination "ajedrezsinlimites won by resignation"]

1. e4 c5 2. Nf3 d6 3. d4 cxd4 4. Nxd4 Nf6 5. Nc3 a6 6. h4 e5 7. Nb3 Be7 8. Bg5 Be6 9. Bxf6 Bxf6 10. g3 a5 11. Nd5 a4 12. Nc1 Qa5+ 13. c3 Bxd5 14.
Qxd5 Qxd5 15. exd5 a3 16. b4 e4 17. Kd2 O-O 18.
Bg2 Rc8 19. Ne2 Rc4 20. Rac1 Nd7 21. Nd4 Bxd4 22. cxd4 Rxd4+ 23. Kc3 Rd3+ 24. Kc4 Ne5+ 25. Kb5 Rxd5+ 26. Kb6 Rd4 27. b5 d5 28. Kxb7 Rd8 29. b6 Nc4 30. Kc7 Nxb6 31. Kxd8 Rd2 32. Kc7 Nc4 33. Rhd1 Rxf2 34. Rxc4 Rxg2 35. Rxd5 1-0

[Event "Late-Titled-Tuesday-Blitz-June-18-2024"]
[Site "Chess.com"]
[Date "2024.06.18"]
[Round "3"]
[White "ckgchess"]
[Black "CrushingKings"]
[Result "1-0"]
[WhiteElo "2882"]
[BlackElo "2645"]
[TimeControl "180+1"]
[EndTime "14:27:19 PDT"]
[Termination "ckgchess won by resignation"]

1. e4 g6 2. d4 Bg7 3. Nc3 c6 4. f4 d5 5. e5 Nh6 6. Nf3 Bg4 7.
Be3 f6 8. h3 Bxf3 9. Qxf3 O-O 10. exf6 Bxf6 11. O-O-O e5 12. dxe5 Bxe5 13. Nxd5 Qa5 14. Bc4 Kh8 15. Nc3 Bg7 16. g4 Na6 17. Rd7 Rae8 18. Rxg7 Rxe3 19. Qxe3 Kxg7 20. Qd4+ 1-0

[Event "Late-Titled-Tuesday-Blitz-June-18-2024"]
[Site "Chess.com"]
[Date "2024.06.18"]
[Round "3"]
[White "mishanick"]
[Black "BirdMaster3000"]
[Result "1-0"]
[WhiteElo "3138"]
[BlackElo "2783"]
[TimeControl "180+1"]
[EndTime "14:27:22 PDT"]
[Termination "mishanick won by resignation"]

1. d4 f5 2. c4 g6 3. Nc3 Bg7 4. Bg5 h6 5. Bf4 Nf6 6. h4 d6 7. e3 Nc6 8. Nf3 O-O 9. d5 e5 10. dxe6 Bxe6 11. Be2 Ne4 12. Nd4 Nxd4 13. exd4 Nxc3 14.
bxc3 g5 15. hxg5 hxg5 16. Bd2 Qf6 17. Bd3 g4 18. Bf4 Rae8 19. Kd2 c5 20. Bxd6 cxd4 21. Bxf8 Qxf8 22. Qa4 dxc3+ 23. Kc2 b5 24. cxb5 Qc5 25. Rhe1 Re7 26. Re2 Qd5 27. Bc4 Qxc4 28. Qxc4 Bxc4 29. Rxe7 Bxb5 30. Rxg7+ Kxg7 31. Kxc3 Bc6 32. g3 Kf6 33. Kd4 Kg5 34. Rc1 Bg2 35. a3 f4 36. Rc5+ 1-0

[Event "Late-Titled-Tuesday-Blitz-June-18-2024"]
[Site "Chess.com"]
[Date "2024.06.18"]
[Round "3"]
[White "MagnusCarlsen"]
[Black "Zurability"]
[Result "1-0"]
[WhiteElo "3190"]
[BlackElo "2792"]
[TimeControl "180+1"]
[EndTime "14:27:25 PDT"]
[Termination "MagnusCarlsen won by resignation"]

1. e4 c5 2. Nf3 d6 3. c3 Nf6 4. h3 g6 5. Bd3 Bg7 6. O-O O-O 7. Bc2 Nc6 8. d4 cxd4 9. cxd4 Nb4 10. Bb3 d5 11. e5 Ne4 12. Nc3 Nxc3 13. bxc3 Nc6 14. Re1 Bf5 15. g4 Be6 16. Ng5 Na5 17. Nxe6 fxe6 18.
Rb1 Rc8 19. Qd3 Rf7 20. g5 Qc7 21. Bd1 Qxc3 22. Qxc3 Rxc3 23. Bd2 Ra3 24. Bg4 Nc4 25. Bc1 Rf5 26. Rxb7 1-0

[Event "Late-Titled-Tuesday-Blitz-June-18-2024"]
[Site "Chess.com"]
[Date "2024.06.18"]
[Round "3"]
[White "RantomOpening"]
[Black "NovakRatko"]
[Result "1-0"]
[WhiteElo "2610"]
[BlackElo "2411"]
[TimeControl "180+1"]
[EndTime "14:27:25 PDT"]
[Termination "RantomOpening won by resignation"]

1. b3 d5 2. Bb2 c5 3. Nf3 Nc6 4. e3 f6 5. d4 Bg4 6. dxc5 e5 7. Be2 Bxc5 8. O-O Be6 9. Nbd2 Nge7 10. c4 d4 11.
exd4 exd4 12. Bd3 O-O 13. a3 a5 14. Qc2 h6 15. Ne4 b6 16. Rfe1 Bg4 17. Nfd2 f5 18. Ng3 f4 19. Nge4 f3 20. h3 Bd7 21. Nxf3 Bxh3 22.
Nxc5 bxc5 23. Be4 Bf5 24. Rad1 Rb8 25. Bxf5 Nxf5 26. Qe4 Qc7 27. Qd5+ Kh8 28. Qxc5 Rxb3 29. Qxf8+ 1-0

[Event "Late-Titled-Tuesday-Blitz-June-18-2024"]
[Site "Chess.com"]
[Date "2024.06.18"]
[Round "3"]
[White "schondeln"]
[Black "PNEPaul"]
[Result "1/2-1/2"]
[WhiteElo "2340"]
[BlackElo "1979"]
[TimeControl "180+1"]
[EndTime "14:27:28 PDT"]
[Termination "Game drawn by repetition"]

1. e4 e5 2. Nf3 Nc6 3. Nc3 Be7 4. d4 exd4 5. Nxd4 d6 6. Bb5 Bd7 7. Bxc6 bxc6 8. Qf3 Nf6 9. O-O O-O 10. Nf5 Bxf5 11. Qxf5 Qd7 12. Qf3 Qg4 13. Qxg4 Nxg4 14. Bf4 Bf6 15. h3 Bxc3 16. bxc3 Ne5 17. Rab1 Rab8 18. Rb3 f6 19. Rfb1 Rb6 20. Be3 Ra6 21. Rb7 Rxa2 22.
Rxa7 Ra8 23. Rxa2 Rxa2 24. Rb8+ Kf7 25. Rb7 Rxc2 26. Rxc7+ Kg6 27. Bd4 c5 28. Be3 Rxc3 29. Kf1 Rc2 30. g3 c4 31. Bd4 Nf3 32. Be3 Ne5 33.
Bd4 Nf3 34. Be3 Ne5 1/2-1/2

[Event "Late-Titled-Tuesday-Blitz-June-18-2024"]
[Site "Chess.com"]
[Date "2024.06.18"]
[Round "3"]
[White "NajdorfPlayerc5"]
[Black "becemix"]
[Result "1-0"]
[WhiteElo "2439"]
[BlackElo "2599"]
[TimeControl "180+1"]
[EndTime "14:27:32 PDT"]
[Termination "NajdorfPlayerc5 won by resignation"]

1. d4 d5 2. c4 e6 3. Nc3 c6 4. cxd5 exd5 5. Nf3 Nf6 6. Bg5 Be7 7. e3 O-O 8. Qc2 Re8 9. Bd3 h6 10. Bh4 a5 11. O-O Nbd7 12. Rab1 Nf8 13. a3 b5 14. Ne2 Bb7 15. Ne5 Rc8 16. b4 axb4 17. axb4 N6d7 18. Bxe7 Qxe7 19. Bf5 Rc7 20. Nxd7 Nxd7 21. Bxd7 Qxd7 22.
Ra1 Qd6 23. Qc3 Bc8 24. Nf4 Bf5 25. Ra6 g5 26. Ne2 Kg7 27. Rc1 Re6 28. Ng3 Bg6 29.
Qc5 Qd7 30. Nf1 h5 31. Rb6 Bd3 32. Nd2 Bc4 33. e4 f6 34. Nxc4 dxc4 35. e5 Qd5 36.
Qxd5 cxd5 37. Rxe6 fxe5 38. Rxe5 Rd7 39. Rxg5+ 1-0

[Event "Late-Titled-Tuesday-Blitz-June-18-2024"]
[Site "Chess.com"]
[Date "2024.06.18"]
[Round "3"]
[White "AungTZ"]
[Black "ClauAmura"]
[Result "0-1"]
[WhiteElo "1972"]
[BlackElo "2350"]
[TimeControl "180+1"]
[EndTime "14:27:35 PDT"]
[Termination "ClauAmura won by checkmate"]

1. c4 e6 2. Nc3 d5 3. e3 c5 4.
cxd5 exd5 5. d4 Nf6 6. Nf3 Nc6 7.
Bb5 cxd4 8. Nxd4 Bd7 9. O-O Bc5 10. Nde2 O-O 11. Nxd5 Ne4 12. Nec3 Nd6 13. Be2 Bf5 14.
a3 a5 15. Bd3 Be6 16. e4 Qh4 17. Bf4 Rad8 18. Bg3 Qh6 19. Qc1 Qh5 20. Rd1 Nd4 21. b4 Nb3 22. Qb2 axb4 23. axb4 Nxa1 24. bxc5 Nxe4 25. Bxe4 Bxd5 26. Nxd5 Qxd1# 0-1

[Event "Late-Titled-Tuesday-Blitz-June-18-2024"]
[Site "Chess.com"]
[Date "2024.06.18"]
[Round "3"]
[White "ALRS-SPS"]
[Black "the"]
[Result "1/2-1/2"]
[WhiteElo "2418"]
[BlackElo "2602"]
[TimeControl "180+1"]
[EndTime "14:27:36 PDT"]
[Termination "Game drawn by repetition"]

1. e4 c6 2. d4 d5 3. Nc3 dxe4 4. Nxe4 Bf5 5. Ng3 Bg6 6. Nf3 e6 7. Bd3 Bxd3 8. Qxd3 Nf6 9. O-O Nbd7 10. Re1 Be7 11.
Bg5 O-O 12. Rad1 h6 13. Bxf6 Nxf6 14. Ne4 Nxe4 15. Qxe4 Qa5 16. a3 Qb6 17. Rb1 Rad8 18. c3 Rd5 19. Ne5 Bf6 20. Nc4 Qc7 21. Ne3 Rd7 22.
g3 c5 23. dxc5 Qxc5 24. Rbd1 Rfd8 25. Rxd7 Rxd7 26. Rd1 Rc7 27. Ng4 Be7 28. Ne3 Qb6 29. Rd2 Qa5 30. Qd3 Rc8 31. Qe4 Qc7 32. Qa4 a6 33. Rd7 Qc5 34. Rxb7 Bg5 35. Qd7 Rf8 36. Qd4 Qc8 37. Qd7 Qc5 38. Qd4 Qc8 39. Qd7 Qc5 1/2-1/2

[Event "Late-Titled-Tuesday-Blitz-June-18-2024"]
[Site "Chess.com"]
[Date "2024.06.18"]
[Round "3"]
[White "JCVanDamme10"]
[Black "protectiago"]
[Result "0-1"]
[WhiteElo "2363"]
[BlackElo "2143"]
[TimeControl "180+1"]
[EndTime "14:27:37 PDT"]
[Termination "protectiago won by checkmate"]

1. e4 e5 2. Nf3 Nc6 3. d4 exd4 4. Nxd4 Nf6 5. Nc3 Bb4 6. Nxc6 bxc6 7. Bd3 d5 8. exd5 cxd5 9. Bb5+ Bd7 10. Bxd7+ Qxd7 11. O-O O-O 12. Bg5 Bxc3 13. bxc3 Ne4 14. Bd2 Rad8 15. f3 Nxd2 16. Qxd2 Rfe8 17. Rfe1 h6 18. Rxe8+ Qxe8 19.
Re1 Qa4 20. Re7 c6 21. Qe3 Qxa2 22. Re8+ Rxe8 23. Qxe8+ Kh7 24. Qxc6 Qb1+ 25. Kf2 Qxc2+ 26. Kg3 Qg6+ 27. Qxg6+ Kxg6 28. Kf4 Kf6 29. Ke3 Ke5 30. f4+ Kd6 31. Kd4 a5 32. c4 dxc4 33. Kxc4 Ke6 34. g4 h5 35. h3 h4 36. Kd4 a4 37. Kc4 a3 38. Kb3 Kd5 39. Kxa3 Ke4 40. Kb4 Kxf4 41.
Kc5 Kg3 42. Kd6 Kxh3 43. Ke7 Kxg4 44. Kxf7 h3 45. Kxg7 h2 46. Kf6 h1=Q 47. Ke6 Qe4+ 48. Kf6 Qd5 49. Kg7 Qe6 50. Kf8 Qd7 51. Kg8 Kg5 52.
Kh8 Kg6 53. Kg8 Qg7# 0-1

[Event "Late-Titled-Tuesday-Blitz-June-18-2024"]
[Site "Chess.com"]
[Date "2024.06.18"]
[Round "3"]
[White "JunjiCol"]
[Black "Aram7Adam"]
[Result "1-0"]
[WhiteElo "2327"]
[BlackElo "2576"]
[TimeControl "180+1"]
[EndTime "14:27:41 PDT"]
[Termination "JunjiCol won by checkmate"]

1. e4 c5 2. b3 Nf6 3. e5 Nd5 4. Nf3 Nc6 5. Bb2 e6 6. Nc3 Nxc3 7. dxc3 d5 8. exd6 Qxd6 9. c4 f6 10. Bd3 e5 11. Nh4 g6 12. Be4 Be6 13. Qxd6 Bxd6 14. Bxc6+ bxc6 15. O-O-O Ke7 16. Rhe1 Rhd8 17. Rd2 Rd7 18.
f4 exf4 19. Rde2 Be5 20. Bxe5 fxe5 21. Rxe5 Rd6 22. Rxc5 Kf6 23. Nf3 Rad8 24. Ne5 Rd2 25. Rxc6 Rxg2 26. Nd3 Re8 27. Nxf4 Rxh2 28. Nxe6 Re7 29.
Nd8+ Kg5 30. Rxe7 a5 31. Nf7+ Kg4 32. Ne5+ Kf5 33. Nd3 a4 34. Re5+ Kg4 35. bxa4 h5 36. Rxg6+ Kh4 37. Re4+ Kh3 38. Nf4+ Kh4 39. Ng2+ Kh3 40.
Re3# 1-0

[Event "Late-Titled-Tuesday-Blitz-June-18-2024"]
[Site "Chess.com"]
[Date "2024.06.18"]
[Round "3"]
[White "insatiable27"]
[Black "geychess"]
[Result "1-0"]
[WhiteElo "2346"]
[BlackElo "1922"]
[TimeControl "180+1"]
[EndTime "14:27:41 PDT"]
[Termination "insatiable27 won by checkmate"]

1. e4 c5 2. Nf3 d6 3. d4 cxd4 4. Nxd4 Nf6 5. Nc3 a6 6. f3 e6 7. Be3 Be7 8. Qd2 Bd7 9. h4 Nc6 10.
Be2 Rc8 11. O-O-O Qc7 12. Kb1 Ne5 13. g4 Bc6 14. h5 b5 15. g5 Nfd7 16. f4 Nc4 17.
Bxc4 bxc4 18. f5 e5 19. Nxc6 Qxc6 20. Nd5 Rb8 21. c3 Nc5 22. Bxc5 Qxc5 23. f6 gxf6 24. gxf6 Bf8 25. Rhg1 a5 26. Qc2 Rb7 27. Qa4+ Kd8 28. h6 Bxh6 29. Ne7 Rxe7 30. fxe7+ Kxe7 31. Rh1 Bf4 32. Rd5 Qe3 33. Qxc4 Rd8 34. Rhd1 Rd7 35. a4 Qf2 36. Qc6 Qf3 37. Rxd6 Rxd6 38. Qxd6+ Ke8 39.
Qd8# 1-0

[Event "Late-Titled-Tuesday-Blitz-June-18-2024"]
[Site "Chess.com"]
[Date "2024.06.18"]
[Round "3"]
[White "CheckBits"]
[Black "campochess"]
[Result "1-0"]
[WhiteElo "2406"]
[BlackElo "2189"]
[TimeControl "180+1"]
[EndTime "14:27:42 PDT"]
[Termination "CheckBits won by resignation"]

1. e4 c5 2. c3 Nf6 3. e5 Nd5 4. Bc4 e6 5. Nf3 Nb6 6. Bb3 d5 7. d4 cxd4 8. cxd4 Nc6 9. Nc3 Be7 10. O-O Bd7 11. Bf4 g5 12. Be3 g4 13. Ne1 h5 14. f4 Na5 15. Bc2 Nac4 16. Bc1 Rc8 17. f5 Bg5 18. fxe6 Bxe6 19. Nd3 Ne3 20. Bxe3 Bxe3+ 21. Kh1 Bxd4 22. Nf4 Rxc3 23. Nxe6 fxe6 24. Bg6+ Kd7 25. bxc3 Bxe5 26. Rf7+ Kc8 27. Qe2 Qg5 28. Re1 Nc4 29. Bd3 Nd6 30. Rff1 Bxc3 31. Qxe6+ Kc7 32. Rc1 d4 33. Qb3 Rf8 34. Rxc3+ dxc3 35. Qxc3+ Kd7 36. Rxf8 Qe7 37. Rf1 1-0

[Event "Late-Titled-Tuesday-Blitz-June-18-2024"]
[Site "Chess.com"]
[Date "2024.06.18"]
[Round "3"]
[White "NailBashirli"]
[Black "Romkachess"]
[Result "1-0"]
[WhiteElo "2742"]
[BlackElo "2495"]
[TimeControl "180+1"]
[EndTime "14:27:43 PDT"]
[Termination "NailBashirli won by resignation"]

1. e4 c5 2. Nc3 d6 3. Bb5+ Bd7 4. Bxd7+ Qxd7 5. Nge2 Nc6 6. O-O g6 7. d3 Bg7 8. Be3 Nf6 9. h3 O-O 10. f4 b6 11. Bf2 d5 12. e5 Ne8 13. Qd2 d4 14. Ne4 Nc7 15. Rae1 f6 16. exf6 exf6 17. f5 gxf5 18.
N4g3 Nd5 19. Nf4 Rae8 20. Nfh5 f4 21. Rxe8 Rxe8 22. Nxf4 Bh6 23. Nxd5 1-0

[Event "Late-Titled-Tuesday-Blitz-June-18-2024"]
[Site "Chess.com"]
[Date "2024.06.18"]
[Round "3"]
[White "zenitushka"]
[Black "WilsonPalencia21"]
[Result "0-1"]
[WhiteElo "2389"]
[BlackElo "2587"]
[TimeControl "180+1"]
[EndTime "14:27:44 PDT"]
[Termination "WilsonPalencia21 won by resignation"]

1. d4 Nf6 2. f3 c5 3. d5 e6 4.
e4 exd5 5. exd5 d6 6. Nc3 g6 7.
Bf4 Nh5 8. Bg3 Nxg3 9. hxg3 Bg7 10. Qd2 O-O 11. O-O-O a6 12. g4 b5 13. g5 Nd7 14.
Ne4 Ne5 15. g4 Re8 16. Qh2 Nxg4 17. Qxh7+ Kf8 18. fxg4 Rxe4 19. Bd3 Qxg5+ 20. Kb1 Bxg4 21. Rf1 Qe5 0-1

[Event "Late-Titled-Tuesday-Blitz-June-18-2024"]
[Site "Chess.com"]
[Date "2024.06.18"]
[Round "3"]
[White "Smiechu"]
[Black "Artem_Koval"]
[Result "0-1"]
[WhiteElo "2333"]
[BlackElo "2562"]
[TimeControl "180+1"]
[EndTime "14:27:45 PDT"]
[Termination "Artem_Koval won by checkmate"]

1. e4 c5 2. Nf3 d6 3. d4 cxd4 4. Nxd4 Nf6 5. Nc3 a6 6. Be3 e5 7.
Nb3 Be6 8. Qd2 Be7 9. O-O-O O-O 10. f4 b5 11. f5 Bc8 12. g4 Bb7 13. g5 Nxe4 14.
Nxe4 Bxe4 15. Bg2 Bxg2 16. Qxg2 Nd7 17. f6 Nxf6 18. gxf6 Bxf6 19. Qd5 Be7 20. Rhg1 Kh8 21. h4 Rc8 22. h5 Qc7 23. Rg2 Qc4 24. Qf3 f5 25. Qg3 Bf6 26. Bg5 f4 27. Qf2 Bxg5 28.
Rxg5 e4 29. Rd4 e3 30. Rxc4 exf2 31. Nd2 bxc4 32. Rg2 Rce8 33. Rxf2 Re1# 0-1

[Event "Late-Titled-Tuesday-Blitz-June-18-2024"]
[Site "Chess.com"]
[Date "2024.06.18"]
[Round "3"]
[White "Sanyura"]
[Black "mestrefeitosa19"]
[Result "1-0"]
[WhiteElo "2530"]
[BlackElo "2300"]
[TimeControl "180+1"]
[EndTime "14:27:49 PDT"]
[Termination "Sanyura won by checkmate"]

1. e4 e5 2. Nf3 Nc6 3. Bb5 Nd4 4. Nxd4 exd4 5. O-O c6 6. Bc4 Nf6 7. e5 d5 8. Bb3 Ne4 9. d3 Nc5 10. Nd2 Be7 11.
Nf3 Nxb3 12. axb3 c5 13. h3 O-O 14. c3 dxc3 15. bxc3 d4 16. c4 b6 17. b4 Bb7 18.
b5 Qc7 19. Re1 Rfe8 20. Bf4 Bf6 21. Qe2 Qd7 22. Nd2 Qf5 23. Bg3 Bxe5 24. f4 Qg6 25. Kh2 Bd6 26. Qxe8+ Rxe8 27. Rxe8+ Bf8 28. Rxa7 Qxd3 29.
Rxb7 Qxd2 30. Rbb8 h6 31. f5 g6 32. Rxf8+ Kg7 33.
Be5+ f6 34. Bxf6+ Kh7 35. Rf7# 1-0

[Event "Late-Titled-Tuesday-Blitz-June-18-2024"]
[Site "Chess.com"]
[Date "2024.06.18"]
[Round "3"]
[White "The_Sherman_Variation"]
[Black "pinelone"]
[Result "1-0"]
[WhiteElo "2655"]
[BlackElo "2467"]
[TimeControl "180+1"]
[EndTime "14:27:53 PDT"]
[Termination "The_Sherman_Variation won by resignation"]

1. Nf3 c5 2. e4 g6 3. c3 d5 4. exd5 Qxd5 5. d4 Nc6 6. Nbd2 cxd4 7. Bc4 Qd8 8. O-O Nf6 9. cxd4 Bg7 10. Nb3 O-O 11. h3 Bf5 12. Be3 Rc8 13. Rc1 Nd5 14. a3 Nxe3 15. fxe3 Na5 16. Nxa5 Qxa5 17. Qb3 Qb6 18.
Qxb6 axb6 19. Ng5 Bh6 20. h4 Bxg5 21. hxg5 Rc6 22. Bd5 Rxc1 23. Rxc1 Bc8 24. Rc7 e6 25. Bf3 Rd8 26. Kf2 Kf8 27. Ke2 Ke8 28. Bxb7 Rd7 29. Rxc8+ Ke7 30. Be4 1-0

[Event "Late-Titled-Tuesday-Blitz-June-18-2024"]
[Site "Chess.com"]
[Date "2024.06.18"]
[Round "3"]
[White "Grischuk"]
[Black "Andrei_Skvortsov"]
[Result "1-0"]
[WhiteElo "3131"]
[BlackElo "2771"]
[TimeControl "180+1"]
[EndTime "14:27:59 PDT"]
[Termination "Grischuk won by resignation"]

1. d4 e6 2. Bf4 Nf6 3. e3 Bd6 4. Bg5 Be7 5. Nd2 d5 6. Ngf3 O-O 7. Bd3 c5 8. c3 b6 9. Ne5 h6 10. h4 Qc7 11. Bf4 Bd6 12. g4 Nfd7 13. Ndf3 f6 14. Ng6 Bxf4 15. exf4 Re8 16. g5 Nc6 17. gxh6 gxh6 18.
Rg1 Kf7 19. Nfe5+ Ndxe5 20. fxe5 fxe5 21. Qh5 Kf6 22. Qxh6 1-0

[Event "Late-Titled-Tuesday-Blitz-June-18-2024"]
[Site "Chess.com"]
[Date "2024.06.18"]
[Round "3"]
[White "GlavkonVVS"]
[Black "mfschulz"]
[Result "0-1"]
[WhiteElo "2523"]
[BlackElo "2213"]
[TimeControl "180+1"]
[EndTime "14:27:59 PDT"]
[Termination "mfschulz won by checkmate"]

1. c4 e5 2. Nc3 Nf6 3. g3 d5 4. cxd5 Nxd5 5. Bg2 Nb6 6. Nf3 Nc6 7. O-O Be7 8. d3 O-O 9. a3 Be6 10. b4 a5 11. b5 Nd4 12. Nxe5 Bf6 13. f4 Nb3 14. Bb2 Nxa1 15. Qxa1 Nd5 16. Ne4 Be7 17. Rc1 f6 18. Nc4 b6 19. Bf3 Rc8 20. a4 h6 21. Ned2 Qe8 22.
Qb1 Bc5+ 23. Kg2 Ne3+ 24. Nxe3 Bxe3 25. Rc2 Bxd2 26. Rxd2 Qf7 27. e4 Bb3 28. Qa1 c5 29.
bxc6 Rxc6 30. e5 Rc2 31. Rxc2 Bxc2 32. exf6 gxf6 33. Bd4 Bxd3 34. Bxb6 Rc8 35. Bxa5 Rc2+ 36. Kh3 Bf5+ 37. g4 Qh5+ 38. Kg3 Qxh2# 0-1

[Event "Late-Titled-Tuesday-Blitz-June-18-2024"]
[Site "Chess.com"]
[Date "2024.06.18"]
[Round "3"]
[White "Zampronha1971"]
[Black "simaopdias"]
[Result "1/2-1/2"]
[WhiteElo "2403"]
[BlackElo "2202"]
[TimeControl "180+1"]
[EndTime "14:28:04 PDT"]
[Termination "Game drawn by repetition"]

1. e4 c5 2. Nf3 g6 3. d4 cxd4 4. Nxd4 Nc6 5. Nc3 Bg7 6. Be3 Nf6 7. Bc4 Qa5 8. O-O O-O 9. Bb3 d6 10. h3 Bd7 11. f4 Nxd4 12. Bxd4 Bc6 13. Qd3 Nd7 14. Bxg7 Kxg7 15. Rae1 Nc5 16. Qd4+ Kg8 17. e5 Nxb3 18. axb3 Qc5 19. Qxc5 dxc5 20. Rd1 Rad8 21. Kf2 Kg7 22. g3 f6 23. exf6+ exf6 24. Rfe1 Kf7 25.
Nb1 Rxd1 26. Rxd1 Re8 27. Rd2 h6 28. Rd1 Re4 29. Rd8 Be8 30. Nc3 Re7 31. Na4 b6 32. Nc3 Bc6 33. Rc8 Bb7 34. Rb8 Bc6 35. Rc8 Be4 36.
Nxe4 Rxe4 37. Rc7+ Re7 38. Rc6 h5 39. g4 hxg4 40. hxg4 Kg7 41. Kf3 Kf7 42. g5 f5 43.
Rf6+ Kg7 44. Rc6 Kf7 45. c3 Re6 46. Rc7+ Re7 47. Rc6 Re6 48. Rc7+ Re7 49. Rc6 1/2-1/2

[Event "Late-Titled-Tuesday-Blitz-June-18-2024"]
[Site "Chess.com"]
[Date "2024.06.18"]
[Round "3"]
[White "aot317"]
[Black "Cuchulin"]
[Result "1-0"]
[WhiteElo "2547"]
[BlackElo "2269"]
[TimeControl "180+1"]
[EndTime "14:28:08 PDT"]
[Termination "aot317 won by resignation"]

1. d4 d5 2. c4 e6 3. Nf3 a6 4. g3 dxc4 5. Bg2 Bd7 6. Ne5 Bc6 7.
Nxc6 Nxc6 8. O-O Nf6 9. Nc3 Be7 10.
Qa4 O-O 11. Qxc4 Qxd4 12. Qxd4 Nxd4 13. Bxb7 Rab8 14. Bxa6 Nc2 15. Rb1 Nd5 16. Nxd5 exd5 17. Bf4 Nb4 18. Bd3 Nxa2 19. Bxc7 Rb7 20. Be5 Nb4 21. Rfd1 Nxd3 22. Rxd3 Rd8 23. Rbd1 Rb5 24. e4 d4 25. Rxd4 Rxd4 26. Bxd4 f6 27. Bc3 Bb4 28. Rd5 Rb8 29. Bd4 Kf7 30. Kf1 Ke6 31.
Ke2 f5 32. Re5+ Kd6 33. Rxf5 g6 34. Be5+ 1-0

[Event "Late-Titled-Tuesday-Blitz-June-18-2024"]
[Site "Chess.com"]
[Date "2024.06.18"]
[Round "3"]
[White "Aygehovit1992"]
[Black "kaanadayhamle"]
[Result "0-1"]
[WhiteElo "2791"]
[BlackElo "2425"]
[TimeControl "180+1"]
[EndTime "14:28:09 PDT"]
[Termination "kaanadayhamle won by resignation"]

1. e4 e6 2. d4 d5 3. Nc3 dxe4 4. Nxe4 Nd7 5. Nf3 Ngf6 6. Nxf6+ Nxf6 7. Be3 b6 8. Bb5+ Bd7 9. Bd3 Bd6 10. Qe2 Bc6 11.
O-O-O O-O 12. Kb1 a5 13. Ne5 Bb7 14. Rhg1 a4 15. g4 a3 16. b3 Nd5 17. Bd2 Bb4 18.
c4 Nc3+ 19. Bxc3 Bxc3 20. d5 exd5 21. Bxh7+ Kxh7 22. Qd3+ Kg8 23. Qxc3 Re8 24. f4 Qf6 25.
Rgf1 d4 26. Qxd4 Rad8 27. Qe3 Rxd1+ 28. Rxd1 g5 29. Qd4 gxf4 30. Nd7 Qxd4 31. Rxd4 Re1+ 32. Kc2 f3 33. Rf4 Re2+ 34. Kc3 Rxa2 35. Nf6+ Kf8 36. Nd5 Bxd5 37. cxd5 Rf2 38. Kd3 a2 39. Ra4 Rb2 40. Kc3 Rxh2 41. d6 cxd6 0-1

[Event "Late-Titled-Tuesday-Blitz-June-18-2024"]
[Site "Chess.com"]
[Date "2024.06.18"]
[Round "3"]
[White "MarceloPlaya"]
[Black "subham777"]
[Result "0-1"]
[WhiteElo "2413"]
[BlackElo "2613"]
[TimeControl "180+1"]
[EndTime "14:28:09 PDT"]
[Termination "subham777 won by resignation"]

1. e4 e6 2. d4 d5 3. Nc3 Nf6 4.
Bd3 c5 5. Nf3 Nc6 6. exd5 Nxd5 7.
Nxd5 exd5 8. O-O Be7 9. dxc5 O-O 10. Be3 Bg4 11. h3 Bh5 12. g4 Bg6 13. Bxg6 hxg6 14. c3 a5 15. Qd3 f5 16. gxf5 Rxf5 17. Nh2 Qd7 18. Rad1 Rh5 19. Ng4 Rd8 20. Kg2 Ne5 21. Qe2 Rf8 22. f4 Nxg4 23. Qxg4 Qc6 24. Bd4 Bxc5 25.
Rf3 Bxd4 26. Rxd4 Rhf5 27. Rfd3 g5 28. fxg5 Rf2+ 29. Kg3 Qd6+ 30. Kh4 R2f4 0-1

[Event "Late-Titled-Tuesday-Blitz-June-18-2024"]
[Site "Chess.com"]
[Date "2024.06.18"]
[Round "3"]
[White "madmax011"]
[Black "ansko1999"]
[Result "0-1"]
[WhiteElo "2398"]
[BlackElo "2599"]
[TimeControl "180+1"]
[EndTime "14:28:10 PDT"]
[Termination "ansko1999 won by resignation"]

1. d4 d5 2. c4 c5 3. cxd5 Nf6 4.
Nf3 cxd4 5. Qxd4 Qxd5 6. Nc3 Qxd4 7. Nxd4 a6 8. Bg5 Nbd7 9. e3 h6 10. Bh4 e5 11. Nf3 Bb4 12. a3 Bxc3+ 13. bxc3 Ne4 14.
Rc1 g5 15. Bg3 f6 16. h4 Nxg3 17. fxg3 g4 18. Nd2 Nc5 19. Bc4 Ke7 20. Ke2 Rd8 21.
Rhf1 b5 22. Nb3 Ne4 23. Bd3 Nxg3+ 24. Kf2 Nxf1 25. Bxf1 Be6 26. Nc5 Rdc8 27. Ne4 f5 28.
Nd2 Rd8 29. Ke1 Rac8 30. g3 Rc5 31. e4 Rdc8 32. exf5 Bxf5 33. c4 Be6 34. Nb3 R5c7 35. Be2 Bxc4 36. Nd2 Bxe2 37. Rxc7+ Rxc7 38. Kxe2 Rc2 39.
Kd3 Rxd2+ 40. Kxd2 Ke6 41. Ke3 Kd5 42. Kd3 h5 43.
Ke3 e4 44. Kf4 Kd4 45. Kg5 e3 46. Kxh5 e2 0-1